AoeStats
← tony45330

Acropolis

503287232Analyzed
1v1 RM · 2mo ago on Aug 31, 2026· 66m 56s· 2 players
Game mode
Random Map
Map size
Tiny (2 player)
Population
200
Speed
Normal
Resources
Standard
Victory
Conquest
Starting age
Dark Age
Ending age
Imperial Age
RankedLock teamsTeams togetherTeam positionsShared explorationLock speedFull tech treeHidden civsTurbo modeCheats
Victory
Defeat
🇨🇱 Spanish · Chile
969
+16
vs
🇫🇷 Cumans · France
963
-16
tony45330
8:09 Loom
10:24 Feudal Age
11:36 Town Watch
12:31 Wheelbarrow
13:47 Double-Bit Axe
22:55 Castle Age
23:01 Elite Skirmisher
23:42 Fletching
26:32 Bodkin Arrow
27:30 Crossbowman
32:45 Bow Saw
36:51 Horse Collar
38:21 Thumb Ring
42:06 Imperial Age
40:55 Padded Archer Armor
42:08 Heavy Cavalry Archer
43:13 Parthian Tactics
43:12 Gold Mining
43:12 Stone Mining
45:23 Two-Man Saw
44:44 Leather Archer Armor
45:26 Town Watch
45:59 Hand Cart
46:15 Scale Barding Armor
46:48 Conscription
49:59 Bloodlines
49:10 Light Cavalry
50:29 Ballistics
51:09 Chemistry
57:38 Chain Barding Armor
57:28 Forging
61:01 Plate Barding Armor
62:00 Iron Casting
mauri90.hermosilla
8:48 Loom
11:01 Feudal Age
14:45 Castle Age
13:24 Stone Mining
23:09 Double-Bit Axe
26:47 Wheelbarrow
27:53 Forging
27:48 Scale Barding Armor
30:56 Husbandry
31:09 Bloodlines
31:18 Light Cavalry
32:44 Iron Casting
32:32 Chain Barding Armor
33:04 Gold Mining
33:50 Fervor
34:51 Town Watch
35:52 Padded Archer Armor
36:32 Pikeman
37:37 Leather Archer Armor
42:31 Imperial Age
40:08 Horse Collar
40:44 Bow Saw
43:00 Devotion
44:37 Hand Cart
45:16 Heavy Plow
46:31 Elite Conquistador
48:13 Fletching
56:39 Stone Shaft Mining
59:29 Town Patrol
61:08 Conscription
63:10 Blast Furnace
62:46 Plate Barding Armor
62:44 Ring Archer Armor
Connection lost

Rejoining the realm…

Still unreachable

The connection could not be restored.

Session expired

The server has moved on; the page needs a fresh start.